 Dungeon Crawl Stone Soup version 0.24-a0-784-g601f8f6 (webtiles) character file.

Game seed: 25949842197279797, levelgen mode: deterministic

1113 Ayyar the Changer (level 8, -4/72 HPs)
             Began as an Ogre Transmuter on Oct 8, 2019.
             Engulfed by a cloud of freezing vapour (24 damage)
             ... on level 5 of the Dungeon.
             The game lasted 00:24:26 (5499 turns).

Ayyar the Changer (Ogre Transmuter)                 Turns: 5499, Time: 00:24:26

Health: -4/72      AC:  5    Str: 16    XL:     8   Next: 33%
Magic:  24/24      EV: 10    Int: 15    God:
Gold:   241        SH:  0    Dex:  9    Spells: 6/16 levels left

rFire    . . .     SeeInvis .     - Unarmed
rCold    . . .     Gourm    .   (no shield)
rNeg     . . .     Faith    .   n - +0 troll leather armour {Purgy}
rPois    .         Spirit   .   (helmet restricted)
rElec    .         Reflect  .   (no cloak)
rCorr    .         Harm     .   (gloves unavailable)
MR       .....                  (boots unavailable)
Stlth    +.........             s - amulet of magic regeneration
HPRegen  0.62/turn              c - ring of magical power
MPRegen  0.44/turn              (no ring)

@: appendage (expiring)
A: large, unfitting armour, horns 2, tough skin 1
a: End Transformation


You were on level 5 of the Dungeon.
You were not hungry.
You had grown temporary horns.
You visited 1 branch of the dungeon, and saw 5 of its levels.

You collected 241 gold pieces.

Inventory:

Missiles
 a - 29 arrows
 k - 6 javelins (quivered)
 t - 4 boomerangs of dispersal
Armour
 b - a +0 robe
 n - a +0 troll leather armour (worn) {Purgy}
Jewellery
 c - a ring of magical power (left hand)
 s - an amulet of magic regeneration (around neck)
Wands
 w - a wand of disintegration (7)
Scrolls
 e - a scroll of blinking {unknown}
 f - a scroll of fog {unknown}
 h - 2 scrolls of teleportation
 j - 4 scrolls of identify
 m - 6 scrolls of remove curse
 q - 2 scrolls of immolation {unknown}
 r - a scroll of amnesia {unknown}
 u - a scroll of random uselessness {unknown}
Potions
 g - 3 potions of heal wounds
 i - a potion of lignification
 l - 2 potions of cancellation {unknown}
 p - a potion of curing {unknown}
 v - a potion of magic {unknown}
Comestibles
 d - 11 rations
 o - 4 chunks of flesh


   Skills:
 - Level 2.2 Fighting
 + Level 3.9 Dodging
 + Level 4.4 Unarmed Combat
 + Level 4.9 Spellcasting
 * Level 5.3 Transmutations
 + Level 2.7 Ice Magic


You had 6 spell levels left.
You knew the following spells:

 Your Spells              Type           Power        Failure   Level  Hunger
a - Beastly Appendage     Tmut           ###...       2%          1    None
b - Sticks to Snakes      Tmut           ###.....     3%          2    ##.....
c - Spider Form           Tmut/Pois      ##........   21%         3    ###....
d - Ice Form              Ice/Tmut       ###.....     36%         4    ####...

Your spell library contained the following spells:

 Spells                   Type           Power        Failure   Level  Hunger
 Blade Hands              Tmut           ###.......   52%         5    ######.


Dungeon Overview and Level Annotations

Branches:
Dungeon (5/15)
 Temple: D:4-7

Altars:
Zin


Innate Abilities, Weirdness & Mutations

You are too large for most types of armour.
You have tough skin. (AC +1)
You have a pair of horns on your head.


Message History

Press: ? - help, v - describe, . - travel, g - get item 3 scrolls labeled ZUIR XARREK.
The floor.
You open the door.
Really walk into a travel-excluded area?
You feel sick.
There is an open door here.
You feel sick.
You feel sick.
You are no longer poisoned.
You are engulfed in freezing vapours.
Your transformation is almost over.
You are engulfed in freezing vapours.
You are engulfed in freezing vapours.
* * * LOW HITPOINT WARNING * * *
It was a potion of heal wounds.
You feel much better.
You are engulfed in freezing vapours.
* * * LOW HITPOINT WARNING * * *
You are engulfed in freezing vapours.
You die...

#.........##°#°#.#
#+# #..
######...###°#°#.#
#.. #######°#°#.#
###
##°#°#.#......#
##°#°#.#......#
##°#°#.#......#
##°#°#.#......#
##°#°#.#......#
##°#@#.# ....
##°#°#.###^###
##°#°#.#.....#
##°#°#.......#
##°#°##......#
##$#°##......#
##(#°##.....[#
##(#.'.......#
##?#.#...#.###


There were no monsters in sight!

Vanquished Creatures
  Sigmund (D:3)
  Purgy (D:3)
  A sky beast (D:5)
  A phantom (D:5)
  An ogre (D:5)
  A bullfrog (D:5)
  A scorpion (D:4)
  A howler monkey (D:4)
  A hound (D:4)
  A bullfrog skeleton (D:5)
  2 orc wizards (D:3)
  Ijyb (D:5)
  2 iguanas (D:4)
  6 worker ants
  A killer bee zombie (D:5)
  A howler monkey zombie (D:4)
  A shadow imp (D:5)
  5 oozes
  3 adder zombies
  4 worms
  2 dart slugs
  A leopard gecko (D:3)
  8 orcs
  2 ball pythons
  7 giant cockroaches
  6 goblins
  4 hobgoblins
  2 quokkas
  12 bats
  7 frilled lizards
  5 kobolds
  2 leopard gecko zombies (D:5)
  6 rats
100 creatures vanquished.

Vanquished Creatures (collateral kills)
  A kobold (D:3)
  A quokka (D:3)
2 creatures vanquished.

Grand Total: 102 creatures vanquished

Notes
Turn   | Place    | Note
-------+----------+-------------------------------------------
     0 | D:1      | Ayyar the Ogre Transmuter began the quest for the Orb.
     0 | D:1      | Reached XP level 1. HP: 19/19 MP: 3/3
    41 | D:1      | Reached XP level 2. HP: 16/28 MP: 3/5
    45 | D:1      | Learned a level 2 spell: Sticks to Snakes
   188 | D:1      | Reached skill level 2 in Transmutations
   549 | D:1      | You fall into a shaft and drop 1 floor!
   681 | D:2      | Found a glowing silver altar of Zin.
   727 | D:2      | Reached XP level 3. HP: 16/35 MP: 7/7
  1549 | D:2      | Learned a level 3 spell: Spider Form
  1732 | D:2      | Reached XP level 4. HP: 42/42 MP: 8/8
  2451 | D:3      | Noticed Sigmund
  2805 | D:4      | Reached skill level 3 in Transmutations
  2805 | D:4      | Reached XP level 5. HP: 37/49 MP: 9/9
  2814 | D:4      | Learned a level 4 spell: Ice Form
  3064 | D:3      | Killed Sigmund
  3064 | D:3      | Reached skill level 1 in Ice Magic
  3064 | D:3      | Reached XP level 6. HP: 44/57 MP: 11/11
  3126 | D:3      | Noticed Purgy
  3161 | D:3      | HP: 1/57 [Purgy (2)]
  3170 | D:3      | Killed Purgy
  3170 | D:3      | Reached skill level 4 in Transmutations
  3780 | D:4      | Reached XP level 7. HP: 43/65 MP: 13/13
  4817 | D:5      | Entered Level 5 of the Dungeon
  4820 | D:5      | Noticed Ijyb
  5151 | D:5      | Reached skill level 5 in Transmutations
  5151 | D:5      | Reached XP level 8. HP: 58/72 MP: 14/14
  5321 | D:5      | Killed Ijyb
  5499 | D:5      | Engulfed by a cloud of freezing vapour

Levels and vault maps discovered:
D:1:      saegor_arrival_fortress, layout_basic
D:2:      layout_basic, first_ration, lemuel_altar_in_water
D:3:      layout_rooms, serial_aquarium, aquarium_bridge_long_joined
          [aquarium_subvault_window, aquarium_subvault_window,
          aquarium_subvault_bridge, aquarium_subvault_window,
          aquarium_subvault_bridge, aquarium_subvault_wall], aquarium_window_3,
          aquarium_window_fake, aquarium_view_2f, aquarium_balcony_3a,
          aquarium_pool_split, uniq_purgy, uniq_sigmund
D:4:      kennysheep_six_static_rooms, layout_cave_pods
D:5:      lemuel_ice_spiral_2, layout_basic, minmay_temple_entry_from_below_a,
          item_on_display_a, uniq_ijyb

Skill      XL: |  1  2  3  4  5  6  7 |
---------------+----------------------+-----
Transmutations | 2 3 4 5 |  5.3
Dodging        | 2 3 |  3.9
Fighting       | 2 |  2.2
Unarmed Combat | 3 4 |  4.4
Spellcasting   | 3 4 |  4.9
Ice Magic      | 1 2 |  2.7

Action                   |  1- 3 |  4- 6 |  7- 9 || total
-------------------------+-------+-------+-------++-------
Melee: Unarmed           |   131 |   149 |   168 ||   448
       Kick              |    10 |     5 |     4 ||    19
       Headbutt          |     7 |     6 |    13 ||    26
       Punch             |     3 |       |     1 ||     4
Throw: Javelin           |     3 |     1 |     6 ||    10
 Cast: Beastly Appendage |    21 |    17 |    12 ||    50
       Sticks to Snakes  |     1 |     6 |     2 ||     9
       Spider Form       |       |     9 |    11 ||    20
  Use: Potion            |       |     3 |     1 ||     4
       Scroll            |       |     1 |     2 ||     3
 Stab: Sleeping          |     1 |       |       ||     1
  Eat: Chunk             |     3 |     8 |     7 ||    18
Armor: Robe              |    77 |    12 |       ||    89
       Troll leather arm |       |    33 |    16 ||    49
       Skin              |       |     3 |     5 ||     8
Dodge: Dodged            |   104 |   101 |    95 ||   300

Table legend:
 A = Non-vault XP
 B = Vault XP
 C = Vault XP percentage of total XP
 D = Non-vault monster count
 E = Vault monster count
 F = Vault count percentage of total count
                 A         B        C        D         E       F
            +---------+---------+-------+---------+---------+-------
      Total |    1034 |     557 |  35.0 |      91 |      11 |  10.8
            +---------+---------+-------+---------+---------+-------
        D:1 |      24 |      12 |  33.3 |      16 |       2 |  11.1
        D:2 |      52 |       0 |   0.0 |      20 |       0 |   0.0
        D:3 |     128 |     328 |  71.9 |      29 |       2 |   6.5
        D:4 |     246 |     181 |  42.4 |      12 |       6 |  33.3
        D:5 |     584 |      36 |   5.8 |      14 |       1 |   6.7
            +---------+---------+-------+---------+---------+-------
